 Dungeon Sprint DCSS version 0.17-a0-1951-g62301d3 (webtiles) character file.

72 Kidiri the Sneak (level 4, 0/31 HPs)
             Began as a Spriggan Enchanter on Oct 2, 2015.
             Succumbed to a worker ant's poison
             ... in the Dungeon (Sprint II: "The Violet Keep of Menkaure").
             The game lasted 00:00:41 (26 turns).

Kidiri the Sneak (Spriggan Enchanter)                 Turns: 26, Time: 00:00:41

Health: 0/31       AC:  3    Str:  9    XL:     4   Next: 6%
Magic:  7/11       EV: 21    Int: 16    God:
Gold:   0          SH:  0    Dex: 17    Spells: 1 memorised, 11 levels left

rFire  . . .     SeeInvis +     a - +1 dagger
rCold  . . .     Clarity  .     b - +1 robe
rNeg   . . .     SustAt   .     (shield restricted)
rPois  .         Gourm    .     (helmet restricted)
rElec  .         Spirit   .     (no cloak)
rCorr  .         Warding  .     (gloves unavailable)
rMut   .         NoTele   +     (boots unavailable)
MR     .....                    (no amulet)
Stlth  ..........               (no ring)
                                (no ring)

@: berserking (expiring), lethally poisoned (0 -> -16), very quick, not
resistant to hostile enchantments, extremely unstealthy
A: unfitting armour, see invisible, herbivore 3, speed 3, slow metabolism 2
a: no special abilities


You were in the Dungeon.
You were not hungry.

You visited 1 branch

Inventory:

Hand weapons
 a - a +1 dagger (weapon)
Armour
 b - a +1 robe (worn)
Scrolls
 j - a scroll of blinking
Potions
 e - a potion of curing
 f - a potion of heal wounds
 g - a potion of haste
 h - 2 potions of magic
Books
 c - a book of Maledictions

   Spells                             Type                      Level
   a - Corona                         Hexes                        1
   b - Ensorcelled Hibernation        Hexes/Ice                    2
   c - Confuse                        Hexes                        3
   d - Tukima's Dance                 Hexes                        3
   e - Dazzling Spray                 Conjuration/Hexes            3
Comestibles
 d - a bread ration


   Skills:
 * Level 3.8 Short Blades
 + Level 1.5 Armour
 * Level 5.9 Dodging
 * Level 7.2 Stealth
 * Level 4.8 Spellcasting
 + Level 4.6 Hexes


You had 11 spell levels left.
You knew the following spells:

 Your Spells              Type           Power        Failure   Level  Hunger
a - Corona                Hex            ###....      2%          1    None


Dungeon Overview and Level Annotations

Branches:
Dungeon (1/1)

Altars:


Innate Abilities, Weirdness & Mutations

You are tiny and cannot use many weapons and most armour.
You have supernaturally acute eyesight.
You are a herbivore.
You cover ground extremely quickly.
You need consume almost no food.


Message History

You see here 243 gold pieces.
You puncture the worker ant!
The worker ant is heavily wounded.
* * * LOW HITPOINT WARNING * * *
You feel sick.
You hit the worker ant.
The worker ant is severely wounded.
The worker ant barely misses you. The worker ant misses you.
You hit the worker ant.
The worker ant is almost dead.
The worker ant bites you.
* * * LOW HITPOINT WARNING * * *
You are more poisoned.
The worker ant poisons you!
You are too berserk!
You puncture the worker ant!
You kill the worker ant!
Your Stealth skill increases to level 7!
You have reached level 4!
You die...

## ## ##. .##
..#m. # .$.
## ##n #+#
.##
#.n.##.###a.#
#$+.<.'@#
#.n.##.###†.#
##n #+# .## #


H#H ## .# #. ## ## You could see a worker ant.

Vanquished Creatures
  3 worker ants (D)
3 creatures vanquished.

Vanquished Creatures (others)
  A crocodile (D)
1 creature vanquished.

Grand Total: 4 creatures vanquished

Notes
Turn   | Place    | Note
--------------------------------------------------------------
     0 | D        | Kidiri the Spriggan Enchanter began the quest for the Orb.
     0 | D        | Reached XP level 1. HP: 9/9 MP: 5/5
     1 | D        | Noticed a necrophage
     1 | D        | Noticed a necrophage
     1 | D        | Noticed a necrophage
     1 | D        | Noticed a necrophage
     4 | D        | Noticed a hippogriff
     4 | D        | Noticed a hippogriff
     8 | D        | Noticed a siren
    11 | D        | Noticed a worker ant
    11 | D        | Noticed a worker ant
    13 | D        | Noticed a worker ant
    13 | D        | Noticed a worker ant
    14 | D        | Killed a crocodile
    18 | D        | Killed a worker ant
    18 | D        | Reached skill level 1 in Armour
    18 | D        | Reached skill level 6 in Stealth
    18 | D        | Reached XP level 2. HP: 8/13 MP: 6/8
    21 | D        | Killed a worker ant
    21 | D        | Reached skill level 5 in Dodging
    21 | D        | Reached XP level 3. HP: 7/16 MP: 7/10
    25 | D        | HP: 1/24 [worker ant (5)]
    26 | D        | Killed a worker ant
    26 | D        | Reached skill level 7 in Stealth
    26 | D        | Reached XP level 4. HP: 1/21 MP: 7/11
    26 | D        | Succumbed to a worker ant's poison

Vault maps used:
D:        the_violet_keep_of_menkaure

Action                   |  1- 3 |  4- 6 || total
-------------------------+-------+-------++-------
Melee: Dagger            |    10 |       ||    10
  Use: Potion            |     1 |       ||     1
 Stab: Sleeping          |     1 |       ||     1
